AoeStats
← Shredded_Pork

Black Forest

509064200Analyzed
4v4 RM · 6d ago on Sep 25, 2026· 57m 59s· 8 players
Game mode
Random Map
Map size
Large (8 player)
Population
200
Speed
Normal
Resources
Standard
Victory
Conquest
Starting age
Dark Age
Ending age
Imperial Age
RankedLock teamsTeams togetherTeam positionsShared explorationLock speedFull tech treeHidden civsTurbo modeCheats
Victory
Defeat
🇪🇸 Burgundians · Spain
772
+9
🇨🇿 Bohemians · Czechia
757
+9
🇨🇳 Spanish · China
706
+11
🇺🇸 Khmer · United States
570
+16
🇻🇳 Huns · Vietnam
603
-12
🇮🇳 Malians · India
592
-11
🇮🇳 Turks · India
591
-11
🇨🇳 Portuguese · China
582
-11
s1R1Us
12:01 Feudal Age
14:18 Double-Bit Axe
15:49 Horse Collar
18:37 Stone Mining
18:37 Gold Mining
22:21 Castle Age
27:13 Bow Saw
27:07 Heavy Plow
28:41 Caravan
31:50 Imperial Age
30:30 Gold Shaft Mining
31:22 Ballistics
32:52 Wheelbarrow
32:03 Town Watch
32:53 Conscription
32:34 Artillery
34:20 Hand Cart
33:33 Elite Janissary
34:07 Fletching
34:18 Padded Archer Armor
38:31 Two-Man Saw
37:56 Thumb Ring
39:36 Bodkin Arrow
39:57 Leather Archer Armor
46:49 Bracer
47:20 Ring Archer Armor
55:19 Town Watch
Inf3rnalSpark
0:28 Loom
12:25 Feudal Age
13:47 Wheelbarrow
13:15 Double-Bit Axe
13:15 Horse Collar
14:37 Town Watch
16:47 Arson
17:04 Gold Mining
19:07 Man-at-Arms
20:41 Forging
20:33 Padded Archer Armor
21:21 Stone Mining
23:26 Fletching
23:36 Scale Mail Armor
26:29 Castle Age
25:02 Scale Mail Armor
25:23 Fletching
26:06 Scale Barding Armor
26:38 Long Swordsman
27:19 Squires
27:52 Bow Saw
28:26 Gold Shaft Mining
28:37 Chain Mail Armor
29:44 Leather Archer Armor
30:50 Stone Shaft Mining
30:25 Bodkin Arrow
32:06 Hand Cart
33:03 Husbandry
33:30 Pikeman
35:11 Ballistics
34:48 Murder Holes
35:04 Fortified Wall
37:42 Bloodlines
41:02 Imperial Age
39:25 Caravan
45:54 Chemistry
45:05 Masonry
46:28 Cavalier
47:37 Heavy Plow
48:36 Plate Mail Armor
52:25 Architecture
52:18 Chain Barding Armor
52:34 Iron Casting
shenyany
1:29 Loom
12:59 Feudal Age
15:33 Horse Collar
18:21 Castle Age
25:31 Stone Mining
25:58 Fletching
26:20 Heavy Plow
27:07 Double-Bit Axe
28:02 Padded Archer Armor
30:51 Gold Mining
35:02 Imperial Age
32:54 Bow Saw
33:56 Fortified Wall
33:27 Treadmill Crane
34:13 Town Watch
35:15 Wheelbarrow
34:57 Scale Mail Armor
35:08 Forging
36:48 Chemistry
37:07 Pikeman
37:34 Gambesons
38:28 Hand Cart
38:02 Elite Skirmisher
39:42 Siege Engineers
40:57 Thumb Ring
41:29 Ballistics
41:06 Murder Holes
41:21 Masonry
41:43 Conscription
41:24 Arquebus
41:39 Halberdier
42:25 Arson
45:03 Husbandry
45:14 Bloodlines
44:25 Light Cavalry
44:25 Cavalier
45:45 Scale Barding Armor
46:16 Iron Casting
45:37 Bodkin Arrow
45:58 Leather Archer Armor
46:08 Bombard Tower
49:00 Chain Barding Armor
49:41 Blast Furnace
49:12 Ring Archer Armor
48:58 Chain Mail Armor
53:28 Plate Mail Armor
53:33 Plate Barding Armor
52:59 Bracer
56:08 Architecture
phucvaki
1:37 Loom
13:37 Feudal Age
17:53 Castle Age
15:52 Double-Bit Axe
16:31 Horse Collar
18:20 Bloodlines
20:33 Stone Mining
26:32 Bow Saw
26:22 Gold Mining
27:23 Heavy Plow
30:38 Gold Shaft Mining
30:21 Scale Barding Armor
30:58 Husbandry
31:01 Marauders
34:32 Chain Barding Armor
36:36 Wheelbarrow
44:25 Forging
51:53 Caravan
Casy2210
5:51 Loom
7:52 Horse Collar
8:02 Double-Bit Axe
12:31 Feudal Age
16:27 Heavy Plow
16:41 Bow Saw
18:46 Castle Age
18:20 Town Watch
20:31 Town Patrol
25:45 Scale Barding Armor
25:51 Forging
30:43 Imperial Age
29:36 Chain Barding Armor
30:01 Iron Casting
33:01 Elite Coustillier
34:05 Conscription
34:05 Burgundian Vineyards
35:31 Ballistics
36:11 Chemistry
39:17 Two-Man Saw
40:17 Plate Barding Armor
42:32 Blast Furnace
42:44 Murder Holes
43:00 Fortified Wall
43:13 Bombard Tower
47:55 Light Cavalry
[UBC] Lobo
0:28 Loom
13:33 Feudal Age
15:18 Wheelbarrow
14:32 Double-Bit Axe
15:36 Horse Collar
18:40 Fletching
26:23 Castle Age
25:30 Forging
25:23 Scale Mail Armor
25:28 Scale Barding Armor
25:25 Padded Archer Armor
26:28 Arson
27:41 Hand Cart
27:18 Pikeman
27:59 Squires
27:21 Elite Skirmisher
28:08 Husbandry
28:22 Bodkin Arrow
33:56 Iron Casting
37:12 Caravan
39:46 Imperial Age
39:08 Chain Barding Armor
41:02 Elite Hussite Wagon
42:03 Conscription
41:13 Light Cavalry
44:23 Masonry
44:23 Fortified Wall
46:13 Chemistry
45:33 Ballistics
47:53 Hussite Reforms
47:55 Wagenburg Tactics
49:18 Fervor
49:29 Sanctity
49:16 Halberdier
56:08 Redemption
56:14 Block Printing
56:24 Illumination
Shredded_Pork
10:24 Feudal Age
11:30 Double-Bit Axe
12:30 Horse Collar
19:42 Castle Age
17:59 Stone Mining
17:59 Gold Mining
18:07 Gold Mining
20:58 Heavy Plow
21:11 Bow Saw
21:39 Stone Shaft Mining
33:10 Imperial Age
31:40 Wheelbarrow
33:00 Husbandry
33:10 Bloodlines
33:37 Ballistics
33:32 Forging
33:22 Scale Mail Armor
33:28 Scale Barding Armor
33:23 Padded Archer Armor
33:14 Fletching
33:43 Squires
33:03 Pikeman
35:48 Chemistry
35:26 Iron Casting
35:36 Caravan
36:03 Conscription
35:21 Elite Skirmisher
36:43 Supremacy
35:47 Elite Conquistador
37:12 Halberdier
40:25 Blast Furnace
39:40 Chain Mail Armor
39:21 Bodkin Arrow
39:41 Leather Archer Armor
39:47 Chain Barding Armor
43:56 Plate Mail Armor
43:26 Bracer
51:40 Ring Archer Armor
51:46 Plate Barding Armor
z.chart12
12:27 Feudal Age
14:56 Double-Bit Axe
17:22 Stone Mining
17:24 Gold Mining
18:09 Horse Collar
Connection lost

Rejoining the realm…

Still unreachable

The connection could not be restored.

Session expired

The server has moved on; the page needs a fresh start.